 Dungeon Crawl Stone Soup version 0.29.1-12-g30fa7ad0bf (webtiles) character file.

Game seed: 15049963610134090912

3 H0rd4k the Charlatan (level 1, 0/13 HPs)
             Began as an Octopode Artificer on Dec 15, 2022.
             Slain by a jackal (1 damage)
             ... on level 1 of the Dungeon.
             The game lasted 00:00:11 (221 turns).

H0rd4k the Charlatan (Octopode Artificer)            Turns: 221, Time: 00:00:12

Health: 0/13       AC:  1    Str: 11    XL:     1   Next: 50%
Magic:  1/1        EV: 13    Int: 13    God:
Gold:   23         SH:  0    Dex: 12    Spells: 1/1 levels left

rFire   . . .      SeeInvis .   (no weapon)
rCold   . . .      Faith    .   (no shield)
rNeg    . . .      Spirit   .   (helmet restricted)
rPois   .          Reflect  .   (no amulet)
rElec   .          Harm     .   (no ring)
rCorr   .          Rampage  .   (no ring)
Will    .....                   (no ring)
Stlth   +++.......              (no ring)
HPRegen 0.04/turn               (no ring)
MPRegen 0.07/turn               (no ring)
                                (no ring)
                                (no ring)

@: no status effects
A: almost no armour, amphibious, 8 rings, camouflage 1, gelatinous body 1,
(nimble swimmer 1), tentacles
a: no special abilities


You were on level 1 of the Dungeon.
You visited 1 branch of the dungeon, and saw 1 of its levels.

You collected 23 gold pieces.

Inventory:

Wands
 b - a wand of flame (15) (quivered)
 c - a wand of charming (15)
 d - a wand of iceblast (5)
Potions
 a - 2 potions of curing {unknown}


   Skills:
 * Level 1.2 Fighting
 - Level 2.3 Dodging
 - Level 1.3 Stealth
 * Level 0.5 Spellcasting
 - Level 3.2 Evocations


You had one spell level left.
You didn't know any spells.
Your spell library was empty.

Dungeon Overview and Level Annotations

Branches:
Dungeon (1/15)

Altars:


Innate Abilities, Weirdness & Mutations

You cannot wear most types of armour.
You are amphibious.
You can wear up to eight rings at the same time.
Your skin changes colour to match your surroundings (Stealth+).
Your rubbery body absorbs attacks. (AC +1, EV +1)
((You are camouflaged when in or above water. (Stealth+)))
You have tentacles for arms and can constrict up to eight enemies at once.


Message History

There are monsters nearby!
The jackal barks!
The jackal completely misses you.
There are monsters nearby!
You completely miss the jackal. Your grab misses the jackal.
The jackal barely misses you.
There are monsters nearby!
You tentacle-slap the jackal but do no damage.
Your grab misses the jackal. The jackal bites you.
The jackal barely misses you.
You tentacle-slap the jackal but do no damage.
Your grab misses the jackal. Your squeeze misses the jackal.
The jackal bites you.
You tentacle-slap the endoplasm.
The endoplasm is heavily wounded.
The jackal closely misses you. The endoplasm freezes you.
You are frozen.
There are monsters nearby!
You tentacle-slap the endoplasm but do no damage.
The endoplasm is heavily wounded.
The jackal bites you. The jackal barely misses you. The endoplasm hits you.
* * * LOW HITPOINT WARNING * * *
There are monsters nearby!
You are too injured to fight recklessly!
There are monsters nearby!
You are too injured to fight recklessly!
You are too injured to fight recklessly!
The endoplasm attacks as you move away! The endoplasm hits you.
* * * LOW HITPOINT WARNING * * *
The jackal attacks as you move away! The jackal closely misses you.
You see here a jackal corpse.
You tentacle-slap the jackal but do no damage.
You grab the jackal. You constrict the jackal. The jackal misses you.
The jackal bites you.
* * * LOW HITPOINT WARNING * * *
You tentacle-slap the jackal.
The jackal is severely wounded.
You constrict the jackal. The jackal bites you.
You die...

#.##.#### # #.# ## #.#
#.. ##'## #...
##...######## ...#
##.....##..... #..#
##.......#.####
####...####..........###.
......Jh@.'..............
####...####..........##[.
#..# ##.......#.##.# #..
##..>..##.##.# ##
##...###..... ##'##
####.# ###.##### #.#
#.......# #.# #.#.###^#
#.#


You could see an endoplasm and a jackal.

Vanquished Creatures
  A goblin (D:1)
  A jackal (D:1)
  A ball python (D:1)
3 creatures vanquished.

Notes
Turn   | Place    | Note
-------+----------+-------------------------------------------
     0 | D:1      | H0rd4k the Octopode Artificer began the quest for the Orb.
     0 | D:1      | Reached XP level 1. HP: 13/13 MP: 1/1
   221 | D:1      | Slain by a jackal

Illustrated notes

Levels and vault maps discovered:
D:1:      dpeg_arrival_round_b, layout_loops_corners, minmay_bisected

Action                   || total
-------------------------++-------
Melee: Unarmed           ||    14
       Constrict         ||     3
       Tentacles         ||     3
 Stab: Sleeping          ||     1
Dodge: Dodged            ||     9
